 Dungeon Crawl Stone Soup version 0.19.5 (webtiles) character file.

660 nikopol the Skirmisher (level 7, 0/63 HPs)
             Began as a Minotaur Berserker on Mar 5, 2017.
             Was a Priest of Trog.
             Splashed by a jelly's acid (4 damage)
             ... on level 5 of the Dungeon.
             The game lasted 00:10:19 (4023 turns).

nikopol the Skirmisher (Minotaur Berserker)         Turns: 4023, Time: 00:10:20

Health: 0/63       AC: -5    Str: 22    XL:     7   Next: 30%
Magic:  6/6        EV: 13    Int:  4    God:    Trog [***...]
Gold:   362        SH:  0    Dex: 11    Spells: 0 memorised, 6 levels left

rFire  . . .     SeeInvis .     a - -2 spear (curse)
rCold  . . .     Gourm    .     h - +0 ring mail
rNeg   . . .     Faith    .     (no shield)
rPois  .         Spirit   .     (helmet restricted)
rElec  .         Reflect  .     (no cloak)
rCorr  .         Harm     .     (no gloves)
MR     .....                    (no boots)
Stlth  +.........               (no amulet)
                                (no ring)
                                (no ring)

@: corroded
A: retaliatory headbutt, horns 2
a: Berserk, Trog's Hand, Burn Spellbooks, Renounce Religion


You were on level 5 of the Dungeon.
You worshipped Trog.
Trog was most pleased with you.
You were not hungry.

You visited 1 branch of the dungeon, and saw 5 of its levels.
You also visited: Sewer.

You collected 362 gold pieces.

Inventory:

Hand Weapons
 a - a cursed -2 spear (weapon)
 y - a +0 spear
Missiles
 u - 27 arrows (quivered)
Armour
 b - a +0 animal skin
 h - a +0 ring mail (worn)
Wands
 x - a wand of paralysis (10/24)
Scrolls
 g - 4 scrolls of identify {unknown}
 o - a scroll of magic mapping {unknown}
 p - 6 scrolls of teleportation
 s - 2 scrolls of recharging
 t - a scroll of random uselessness {unknown}
 v - a scroll of noise {unknown}
Potions
 d - a potion of ambrosia {unknown}
 e - 2 potions of lignification {unknown}
 f - 2 potions of might {unknown}
 j - 2 potions of resistance {unknown}
 k - a potion of degeneration {unknown}
 l - 3 potions of curing
 n - a potion of haste {unknown}
 q - 2 potions of heal wounds {unknown}
 r - 3 potions of magic {unknown}
 w - a potion of brilliance {unknown}
 z - 2 potions of cancellation {unknown}
Comestibles
 c - 2 bread rations
 i - a meat ration
 m - 3 beef jerkies
 A - a chunk of flesh


   Skills:
 + Level 6.1 Fighting
 + Level 6.1 Polearms
 + Level 5.2 Armour
 + Level 4.5 Dodging


You had 6 spell levels left.
You didn't know any spells.

Dungeon Overview and Level Annotations

Branches:
Dungeon (5/15)
 Temple: D:4-7

Altars:
Fedhas
Okawaru
Xom


Innate Abilities, Weirdness & Mutations

You reflexively headbutt those who attack you in melee.
You have a pair of horns on your head.


Message History

You are too injured to fight recklessly!
You are too injured to fight recklessly!
You are too injured to fight recklessly!
You are too injured to fight recklessly!
You are too injured to fight recklessly!
You are too injured to fight recklessly!
You are too injured to fight recklessly!
You hit the jelly.
Your hands burn!
* * * LOW HITPOINT WARNING * * *
The jelly is severely wounded.
The jelly misses you.
You hit the jelly but do no damage. The acid corrodes you!
Your hands burn!
* * * LOW HITPOINT WARNING * * *
The jelly is severely wounded.
The jelly barely misses you.
You hit the jelly but do no damage.
Your hands burn!
* * * LOW HITPOINT WARNING * * *
The jelly is severely wounded.
You hit the jelly but do no damage.
Your hands burn!
You die...

### #.# #.# # #.# #.# #
. #(# #.# #.#
#####.###.# .#.###
..........# .....
....#.##..##### #...#
....#.##..#... ....#
...##.##..#.#####.#.##.#
.............#..@J$....#
###.#.#.#.#..#....#.####
.....#...<.....##.#
###.....#..#.#.# .#
.##.....#......# .#
.######.#....... !#
.....# .#.....#.#..
.....# #.##....###
.....# .. #.####


You could see a jelly.

Vanquished Creatures
  An ice beast (D:5)
  An ogre (D:5)
  2 orc wizards
  Jessica (D:2)
  Terence (D:3)
  An iguana (D:5)
  4 worker ants
  A worker ant zombie (D:5)
  A river rat (Sewer)
  13 adders
  3 worms (D:3)
  2 dart slugs (D:2)
  6 leopard geckos
  15 orcs
  2 ball pythons (Sewer)
  5 giant cockroaches
  10 goblins
  7 hobgoblins
  5 kobolds
  3 quokkas
  6 bats
  10 frilled lizards
  A quokka skeleton (D:5)
  6 rats
107 creatures vanquished.

Notes
Turn   | Place    | Note
-------+----------+-------------------------------------------
     0 | D:1      | nikopol the Minotaur Berserker began the quest for the Orb.
     0 | D:1      | Reached XP level 1. HP: 19/19 MP: 0/0
   243 | D:1      | Reached XP level 2. HP: 20/27 MP: 1/1
   628 | D:2      | Found an iron altar of Okawaru.
   866 | D:2      | Reached XP level 3. HP: 33/33 MP: 2/2
   873 | D:2      | Reached ** piety under Trog
   933 | D:2      | Found a faded altar of an unknown god.
  1063 | D:2      | Noticed Jessica
  1075 | D:2      | Killed Jessica
  1075 | D:2      | Reached XP level 4. HP: 20/40 MP: 3/3
  1414 | D:3      | Found a shimmering altar of Xom.
  1419 | D:3      | Found a shimmering altar of Xom.
  1420 | D:3      | Found a shimmering altar of Xom.
  1420 | D:3      | Found a shimmering altar of Xom.
  1457 | D:3      | Found a shimmering altar of Xom.
  1468 | D:3      | Found a shimmering altar of Xom.
  1503 | D:3      | Noticed Terence
  1515 | D:3      | Killed Terence
  1515 | D:3      | Reached XP level 5. HP: 26/47 MP: 4/4
  1525 | D:3      | Reached skill level 5 in Polearms
  1533 | D:3      | Reached *** piety under Trog
  1539 | D:3      | Reached skill level 5 in Fighting
  1818 | D:3      | Found a glowing drain.
  1826 | Sewer    | Entered a sewer
  2615 | D:4      | Reached XP level 6. HP: 52/56 MP: 5/5
  3261 | D:4      | Found a blossoming altar of Fedhas.
  3462 | D:5      | Entered Level 5 of the Dungeon
  3544 | D:5      | Reached XP level 7. HP: 18/62 MP: 6/6
  3850 | D:5      | Reached skill level 5 in Armour
  4023 | D:5      | Splashed by a jelly's acid

Skill      XL: |  1  2  3  4  5  6  7 |
---------------+----------------------+-----
Fighting       | 4 5 6 |  6.1
Polearms       | 4 5 6 |  6.1
Armour         | 3 4 5 |  5.2
Dodging        | 3 4 |  4.5

Action                   |  1- 3 |  4- 6 |  7- 9 || total
-------------------------+-------+-------+-------++-------
Melee: Spear             |    79 |   201 |    36 ||   316
       Headbutt          |    10 |    33 |     4 ||    47
Invok: Berserk           |       |     1 |       ||     1
       Trog's Hand       |       |     1 |       ||     1
  Use: Scroll            |       |     2 |       ||     2
  Eat: Chunk             |       |    10 |     1 ||    11
Armor: Animal skin       |     2 |       |       ||     2
       Ring mail         |     5 |    40 |    12 ||    57
Dodge: Dodged            |    27 |    97 |    21 ||   145
